[Event "Czech Open-E Teams 2022"]
[Site "Pardubice"]
[Date "2022.07.14"]
[Round "1.24"]
[White "Goroshkova, Iryna"]
[Black "Jasny, Stanislav"]
[Result "0-1"]
[ECO "B56"]
[WhiteElo "1468"]
[BlackElo "2261"]
[Annotator "ChessBase"]
[PlyCount "54"]
[EventDate "2022.07.14"]
[EventType "team-tourn"]
[EventCountry "CZE"]
[SourceTitle "playchess.com"]
[Source "ChessBase"]
[SourceQuality "1"]
[TimeControl "5400+30"]

1. e4 c5 2. Nf3 Nc6 3. d4 cxd4 4. Nxd4 Nf6 5. Nc3 d6 6. Bb5 Bd7 7. O-O g6 8. h3 Bg7 9. Be3 O-O 10. Nxc6 Bxc6 11. Bxc6 bxc6 12. f3 Qa5 13. Qd2 Rfb8 14. Nd1 Qxd2 15. Bxd2 Nd7 16. c3 a5 17. Rb1 a4 18. Nf2 Ne5 19. Rfd1 Nc4 20. Be1 Nxb2 21. Rdc1 Bh6 22. Rc2 Nc4 23. Rxb8+ Rxb8 24. Ng4 Bg7 25. Kf2 Rb1 26. Ke2 h5 27. Nf2 Na3 0-1

[Event "Czech Open-E Teams 2022"]
[Site "Pardubice"]
[Date "2022.07.14"]
[Round "1.25"]
[White "Vanka, Miloslav"]
[Black "Cukrowski, Filip"]
[Result "1/2-1/2"]
[ECO "A45"]
[WhiteElo "2078"]
[BlackElo "2378"]
[Annotator "ChessBase"]
[PlyCount "81"]
[EventDate "2022.07.14"]
[EventType "team-tourn"]
[EventCountry "CZE"]
[SourceTitle "playchess.com"]
[Source "ChessBase"]
[SourceQuality "1"]
[TimeControl "5400+30"]

1. d4 Nf6 2. Bg5 d5 3. Bxf6 exf6 4. e3 Be6 5. Nd2 c6 6. Bd3 Bd6 7. Ne2 Qc7 8. c3 Nd7 9. Qc2 g6 10. O-O-O O-O-O 11. Kb1 f5 12. g3 Nf6 13. Nf4 g5 14. Nh3 Ne4 15. f3 g4 16. fxe4 fxe4 17. Ng5 exd3 18. Qxd3 Qe7 19. Nxe6 Qxe6 20. e4 Qg6 21. Kc2 dxe4 22. Nxe4 Bc7 23. Rhf1 Rde8 24. Rde1 Re6 25. Nc5 Rxe1 26. Rxe1 Qxd3+ 27. Nxd3 Rf8 28. Kd2 h5 29. Ke3 h4 30. Kf2 hxg3+ 31. hxg3 Rh8 32. Kg2 Rh3 33. Re8+ Kd7 34. Re3 Rh8 35. Ne5+ Bxe5 36. Rxe5 Rg8 37. Kf2 Rg6 38. Rf5 Ke6 39. Re5+ Kd6 40. Rf5 Ke6 41. Re5+ 1/2-1/2

[Event "Czech Open-E Teams 2022"]
[Site "Pardubice"]
[Date "2022.07.14"]
[Round "1.26"]
[White "Butkiewicz, Lukasz"]
[Black "Framberk, Jan"]
[Result "1-0"]
[ECO "A20"]
[WhiteElo "2370"]
[BlackElo "1942"]
[Annotator "ChessBase"]
[PlyCount "75"]
[EventDate "2022.07.14"]
[EventType "team-tourn"]
[EventCountry "CZE"]
[SourceTitle "playchess.com"]
[Source "ChessBase"]
[SourceQuality "1"]
[TimeControl "5400+30"]

1. c4 e5 2. g3 Nc6 3. Bg2 f5 4. Nc3 Nf6 5. d3 Bb4 6. Bd2 O-O 7. e3 d6 8. Nge2 Qe8 9. Nd5 Bxd2+ 10. Qxd2 Nxd5 11. cxd5 Ne7 12. O-O c5 13. b4 b6 14. bxc5 bxc5 15. Rab1 Qh5 16. f4 Ng6 17. Nc3 Ba6 18. Rfd1 exf4 19. exf4 Rfe8 20. Rb3 Rab8 21. Re1 Nf8 22. Rxb8 Rxb8 23. Re7 Rb7 24. Rxb7 Bxb7 25. Nb5 Qg6 26. Nxa7 Qf6 27. Nc6 Qa1+ 28. Kf2 Bxc6 29. dxc6 Qd4+ 30. Qe3 Qb2+ 31. Qe2 Qd4+ 32. Kf1 Qa1+ 33. Qe1 Qxa2 34. c7 Qa6 35. Bd5+ Kh8 36. Kg1 Qxd3 37. c8=Q Qd4+ 38. Kf1 1-0

[Event "Czech Open-E Teams 2022"]
[Site "Pardubice"]
[Date "2022.07.14"]
[Round "1.27"]
[White "Sedlak, Ludek"]
[Black "Kulon, Klaudia"]
[Result "0-1"]
[ECO "B50"]
[WhiteElo "1893"]
[BlackElo "2286"]
[Annotator "ChessBase"]
[PlyCount "60"]
[EventDate "2022.07.14"]
[EventType "team-tourn"]
[EventCountry "CZE"]
[SourceTitle "playchess.com"]
[Source "ChessBase"]
[SourceQuality "1"]
[TimeControl "5400+30"]

1. e4 c5 2. Nf3 d6 3. d4 cxd4 4. c3 Nf6 5. e5 dxe5 6. Nxe5 e6 7. cxd4 Nbd7 8. Nc3 Bb4 9. Nd3 Be7 10. Nf4 O-O 11. Bc4 Nb6 12. Bb3 Bd7 13. O-O Bc6 14. Bxe6 g5 15. Nh3 fxe6 16. Nxg5 Qd7 17. Re1 Bd6 18. Nge4 Bc7 19. Bh6 Rf7 20. Qd2 Kh8 21. Ng5 Re7 22. Nge4 Nxe4 23. Nxe4 Nd5 24. g3 e5 25. Bg5 Rf7 26. Rac1 Re8 27. Rc5 Bb6 28. Rxd5 Qxd5 29. dxe5 Qxd2 30. Bxd2 Bxe4 0-1

[Event "Czech Open-E Teams 2022"]
[Site "Pardubice"]
[Date "2022.07.14"]
[Round "1.28"]
[White "Mondrzycki, Bartlomiej"]
[Black "Halla, Jiri"]
[Result "1-0"]
[ECO "A21"]
[WhiteElo "2180"]
[BlackElo "1732"]
[Annotator "ChessBase"]
[PlyCount "35"]
[EventDate "2022.07.14"]
[EventType "team-tourn"]
[EventCountry "CZE"]
[SourceTitle "playchess.com"]
[Source "ChessBase"]
[SourceQuality "1"]
[TimeControl "5400+30"]

1. c4 e5 2. Nc3 Bc5 3. e3 d6 4. d4 Bb4 5. Qa4+ Nc6 6. d5 Bxc3+ 7. bxc3 Bd7 8. dxc6 Bxc6 9. Qc2 Nf6 10. Nf3 Qd7 11. Ba3 e4 12. Nd4 Ba4 13. Qb2 b6 14. Be2 c5 15. Nb3 d5 16. cxd5 Bb5 17. Nxc5 Qxd5 18. Qxb5+ 1-0

[Event "Czech Open-E Teams 2022"]
[Site "Pardubice"]
[Date "2022.07.14"]
[Round "1.29"]
[White "Plat, Vojtech"]
[Black "Cerovsky, Marek"]
[Result "1/2-1/2"]
[ECO "B50"]
[WhiteElo "2554"]
[BlackElo "1993"]
[Annotator "ChessBase"]
[PlyCount "86"]
[EventDate "2022.07.14"]
[EventType "team-tourn"]
[EventCountry "CZE"]
[SourceTitle "playchess.com"]
[Source "ChessBase"]
[SourceQuality "1"]
[TimeControl "5400+30"]

1. e4 c5 2. Nf3 d6 3. d3 g6 4. g3 Bg7 5. Bg2 Nc6 6. O-O Nf6 7. Nbd2 Rb8 8. a4 a6 9. Re1 O-O 10. Nf1 b5 11. h4 Qb6 12. Ne3 Bg4 13. Nxg4 Nxg4 14. Bh3 Nf6 15. g4 e6 16. axb5 axb5 17. Be3 Nd7 18. Rb1 b4 19. h5 Ra8 20. Nd2 Ra2 21. h6 Bh8 22. f4 Qc7 23. f5 d5 24. Kg2 Rxb2 25. Rxb2 Bxb2 26. fxe6 fxe6 27. g5 Qd6 28. Qg4 Re8 29. Rf1 Nce5 30. Qg3 Nf7 31. Qxd6 Nxd6 32. exd5 exd5 33. Bxd7 Rxe3 34. Ne4 Nf5 35. Be6+ Kf8 36. Bxf5 dxe4 37. Bxg6+ Rf3 38. Rb1 Be5 39. Bxh7 Rg3+ 40. Kf2 exd3 41. g6 dxc2 42. g7+ Bxg7 43. hxg7+ Kxg7 1/2-1/2

[Event "Czech Open-E Teams 2022"]
[Site "Pardubice"]
[Date "2022.07.14"]
[Round "1.30"]
[White "Smid, Jaroslav"]
[Black "Eret, Matous"]
[Result "0-1"]
[ECO "B07"]
[WhiteElo "1900"]
[BlackElo "2273"]
[Annotator "ChessBase"]
[PlyCount "148"]
[EventDate "2022.07.14"]
[EventType "team-tourn"]
[EventCountry "CZE"]
[SourceTitle "playchess.com"]
[Source "ChessBase"]
[SourceQuality "1"]
[TimeControl "5400+30"]

1. e4 d6 2. d4 Nf6 3. Nc3 e5 4. dxe5 dxe5 5. Qxd8+ Kxd8 6. Bc4 Be6 7. Bxe6 fxe6 8. Be3 Bd6 9. O-O-O Ke7 10. Nge2 Nc6 11. Rhf1 a6 12. f4 Ng4 13. Bg1 exf4 14. Nxf4 g5 15. Nd3 Nxh2 16. e5 Nxe5 17. Rfe1 Nxd3+ 18. Rxd3 Ng4 19. Nd5+ Kd8 20. Nb6 Rb8 21. Bc5 Ke7 22. Nd5+ Kf7 23. Rf3+ Kg7 24. Bxd6 cxd6 25. Rxe6 Rhe8 26. Rxd6 Rbd8 27. Rxd8 Rxd8 28. Nc7 Kg6 29. Ne6 Re8 30. Nd4 Re1+ 31. Kd2 Rg1 32. Rg3 h5 33. Ke2 Kf6 34. a4 Ra1 35. b3 Kg6 36. Rc3 Rg1 37. Rg3 Kf6 38. b4 Ra1 39. a5 Ra4 40. Rb3 h4 41. Kf3 Ne5+ 42. Ke4 Ra1 43. Nf3 Nxf3 44. Rxf3+ Kg6 45. Kd5 Rd1+ 46. Kc5 Rd2 47. Kb6 Rxg2 48. Kxb7 g4 49. Rf1 h3 50. b5 h2 51. Rh1 g3 52. bxa6 Rg1 53. a7 Rxh1 54. a8=Q Rb1+ 55. Kc7 h1=Q 56. Qe8+ Kf6 57. Qf8+ Kg5 58. Qg7+ Kf4 59. Qf6+ Ke3 60. Qc3+ Kf2 61. Qd4+ Kg2 62. Qe4+ Kh2 63. Qh4+ Kg2 64. Qe4+ Kf2 65. Qd4+ Ke1 66. Qe3+ Kd1 67. Qd3+ Kc1 68. Qe3+ Kxc2 69. Qf2+ Kc1 70. Qe3+ Kb2 71. Qf2+ Ka1 72. Qd4+ Rb2 73. Qe3 Rb1 74. Qe2 Rb2 0-1

[Event "Czech Open-E Teams 2022"]
[Site "Pardubice"]
[Date "2022.07.14"]
[Round "1.31"]
[White "Eret, Jonas"]
[Black "Zahalka, Jan"]
[Result "1-0"]
[ECO "B76"]
[WhiteElo "2219"]
[BlackElo "1866"]
[Annotator "ChessBase"]
[PlyCount "57"]
[EventDate "2022.07.14"]
[EventType "team-tourn"]
[EventCountry "CZE"]
[SourceTitle "playchess.com"]
[Source "ChessBase"]
[SourceQuality "1"]
[TimeControl "5400+30"]

1. e4 c5 2. Nf3 d6 3. d4 cxd4 4. Nxd4 Nf6 5. Nc3 g6 6. Be3 Bg7 7. f3 O-O 8. Qd2 Nc6 9. O-O-O Nxd4 10. Bxd4 Be6 11. Kb1 Rc8 12. g4 a6 13. h4 b5 14. h5 b4 15. Nd5 Bxd5 16. exd5 Qa5 17. hxg6 fxg6 18. g5 Nh5 19. Bh3 Rc4 20. Be6+ Kh8 21. Bxg7+ Kxg7 22. b3 Rcf4 23. Bg4 Ng3 24. Qh2 Nxh1 25. Qh6+ Kf7 26. Qxh7+ Ke8 27. Re1 R8f7 28. Qg8+ Rf8 29. Rxe7+ 1-0

[Event "Czech Open-E Teams 2022"]
[Site "Pardubice"]
[Date "2022.07.14"]
[Round "1.32"]
[White "Fuchs, Frantisek"]
[Black "Simet, Martin"]
[Result "0-1"]
[ECO "B02"]
[WhiteElo "1868"]
[BlackElo "2155"]
[Annotator "ChessBase"]
[PlyCount "62"]
[EventDate "2022.07.14"]
[EventType "team-tourn"]
[EventCountry "CZE"]
[SourceTitle "playchess.com"]
[Source "ChessBase"]
[SourceQuality "1"]
[TimeControl "5400+30"]

1. e4 Nf6 2. e5 Nd5 3. Nc3 e6 4. d4 d6 5. Nf3 dxe5 6. Nxe5 Bb4 7. Qg4 g6 8. Bd2 f6 9. Nf3 c5 10. Bb5+ Nc6 11. dxc5 Bxc5 12. O-O-O Qb6 13. Rhe1 Kf7 14. Bc4 Nce7 15. h4 Bxf2 16. Re2 Ne3 17. Bxe3 Bxe3+ 18. Kb1 Nf5 19. Qe4 Bh6 20. Rd3 Re8 21. Nd5 Qc6 22. Bb3 Kg7 23. Rc3 Qd6 24. Rd3 Qc6 25. Ba4 b5 26. Rc3 Qd6 27. Rc7+ Re7 28. Rxe7+ Nxe7 29. Nc3 Rb8 30. Bxb5 Rxb5 31. g4 Rb4 0-1

[Event "Czech Open-E Teams 2022"]
[Site "Pardubice"]
[Date "2022.07.14"]
[Round "1.33"]
[White "Horvath, Tomas"]
[Black "Cech, Pavel"]
[Result "0-1"]
[ECO "C06"]
[WhiteElo "2094"]
[BlackElo "2358"]
[Annotator "ChessBase"]
[PlyCount "86"]
[EventDate "2022.07.14"]
[EventType "team-tourn"]
[EventCountry "CZE"]
[SourceTitle "playchess.com"]
[Source "ChessBase"]
[SourceQuality "1"]
[TimeControl "5400+30"]

1. e4 e6 2. d4 d5 3. Nd2 Nf6 4. e5 Nfd7 5. Bd3 c5 6. c3 Nc6 7. Ne2 cxd4 8. cxd4 f6 9. Nf4 Nxd4 10. Qh5+ Ke7 11. Ng6+ hxg6 12. exf6+ Nxf6 13. Qxh8 Kf7 14. O-O e5 15. Nb3 Nf5 16. Bg5 e4 17. Be2 Be6 18. Rac1 Qb6 19. g4 Nh6 20. Be3 Qd6 21. Bc5 Qf4 22. Be3 Qd6 23. g5 Nfg4 24. Bxg4 Nxg4 25. Qh4 Nxe3 26. fxe3+ Kg8 27. Nd4 Bd7 28. Qf4 Qxf4 29. Rxf4 Bd6 30. Rf2 Re8 31. Rcf1 Bh3 32. Rc1 Re5 33. Nb5 Be7 34. Rc7 Bxg5 35. Re2 Rf5 36. Rc1 Bg4 37. Ree1 Bh4 38. Nxa7 Bf3 39. Rc8+ Kh7 40. Rec1 d4 41. exd4 e3 42. R8c5 e2 43. Nc8 Rf4 0-1

[Event "Czech Open-E Teams 2022"]
[Site "Pardubice"]
[Date "2022.07.14"]
[Round "1.34"]
[White "Sodoma, Jan"]
[Black "Novak, Jiri"]
[Result "1-0"]
[ECO "A40"]
[WhiteElo "2312"]
[BlackElo "1999"]
[Annotator "ChessBase"]
[PlyCount "105"]
[EventDate "2022.07.14"]
[EventType "team-tourn"]
[EventCountry "CZE"]
[SourceTitle "playchess.com"]
[Source "ChessBase"]
[SourceQuality "1"]
[TimeControl "5400+30"]

1. d4 e6 2. c4 c5 3. d5 exd5 4. cxd5 d6 5. Nc3 Nf6 6. Nf3 Be7 7. h3 a6 8. a4 O-O 9. e4 Re8 10. Bd3 Nbd7 11. O-O Nf8 12. Bf4 Ng6 13. Bh2 Rb8 14. Re1 Nd7 15. Bf1 Qb6 16. Qc2 Nde5 17. Nxe5 dxe5 18. Nd1 Nf4 19. a5 Qg6 20. Kh1 Bd7 21. Ne3 Bb5 22. f3 Rbc8 23. Nf5 c4 24. Nxe7+ Rxe7 25. Bxf4 exf4 26. Qc3 Qd6 27. Rac1 Rec7 28. Rcd1 f6 29. e5 fxe5 30. Rxe5 h6 31. Re6 Qd8 32. d6 Rf7 33. Re4 Qf6 34. Qxf6 Rxf6 35. d7 Rd8 36. Bxc4+ Bxc4 37. Rxc4 Kf8 38. Rb4 Rf5 39. Rdd4 Ke7 40. Rxb7 Rxa5 41. Re4+ Kd6 42. Rxf4 Kc6 43. Rfb4 Rb5 44. R7xb5 axb5 45. Rd4 Rxd7 46. Rxd7 Kxd7 47. Kg1 Kd6 48. Kf2 Kd5 49. Ke3 Kc4 50. Kd2 g5 51. g3 h5 52. Ke3 Kb3 53. f4 1-0

[Event "Czech Open-E Teams 2022"]
[Site "Pardubice"]
[Date "2022.07.14"]
[Round "1.35"]
[White "Fialka, Adam"]
[Black "Vitak, Jiri"]
[Result "0-1"]
[ECO "C50"]
[WhiteElo "1847"]
[BlackElo "2223"]
[Annotator "ChessBase"]
[PlyCount "128"]
[EventDate "2022.07.14"]
[EventType "team-tourn"]
[EventCountry "CZE"]
[SourceTitle "playchess.com"]
[Source "ChessBase"]
[SourceQuality "1"]
[TimeControl "5400+30"]

1. e4 e5 2. Nf3 Nc6 3. Bc4 Nf6 4. d3 Bc5 5. c3 d6 6. b4 Bb6 7. a4 a5 8. Be3 Bxe3 9. fxe3 O-O 10. b5 Ne7 11. Nbd2 c6 12. d4 exd4 13. exd4 d5 14. e5 dxc4 15. exf6 Nd5 16. Nxc4 Re8+ 17. Kf1 cxb5 18. axb5 Qxf6 19. Qd2 Bg4 20. Nce5 Bxf3 21. Nxf3 Rac8 22. c4 Rxc4 23. Kf2 Nc3 24. Rhe1 Qd8 25. Qd3 Rc8 26. Rxe8+ Qxe8 27. Rc1 Nd5 28. Qe4 Rd8 29. Qxe8+ Rxe8 30. Rc5 Rd8 31. b6 a4 32. Rb5 Rd6 33. Ke1 f6 34. Kd2 Kf7 35. Ra5 Nxb6 36. Ra7 Rd7 37. Kd3 Ke7 38. Nd2 f5 39. Nb1 Nd5 40. Rxa4 Nf4+ 41. Kd2 Nxg2 42. Nc3 g5 43. Ne2 f4 44. Ra5 Kf6 45. Kd3 Re7 46. Nc3 Ne1+ 47. Kd2 Kg6 48. Nd5 Re4 49. Rb5 Nf3+ 50. Kc3 Nxh2 51. Rb6+ Kf5 52. Rf6+ Kg4 53. Rh6 Kg3 54. Nf6 Re3+ 55. Kc2 Re2+ 56. Kd3 f3 57. Ne4+ Rxe4 58. Kxe4 f2 59. Rf6 f1=Q 60. Rxf1 Nxf1 61. d5 Nd2+ 62. Kd3 Nb3 63. Kc4 Na5+ 64. Kb5 Nc6 0-1

[Event "Czech Open-E Teams 2022"]
[Site "Pardubice"]
[Date "2022.07.14"]
[Round "1.36"]
[White "Rodshtein, Tereza"]
[Black "Kijonka, Ondrej"]
[Result "1-0"]
[ECO "B23"]
[WhiteElo "2169"]
[BlackElo "1683"]
[Annotator "ChessBase"]
[PlyCount "81"]
[EventDate "2022.07.14"]
[EventType "team-tourn"]
[EventCountry "CZE"]
[SourceTitle "playchess.com"]
[Source "ChessBase"]
[SourceQuality "1"]
[TimeControl "5400+30"]

1. e4 c5 2. Nc3 e6 3. g3 Nc6 4. Bg2 Nf6 5. d3 Be7 6. f4 d6 7. Nf3 a6 8. O-O Qc7 9. h3 e5 10. g4 h6 11. Nd5 Nxd5 12. exd5 Nd4 13. Ne1 Qb6 14. c3 Nb5 15. Qf3 f6 16. Nc2 Bd7 17. Ne3 O-O-O 18. a4 Na7 19. Nc4 Qc7 20. b4 Kb8 21. bxc5 dxc5 22. d6 Bxd6 23. Nxd6 Bc6 24. Ne4 Qd7 25. Nxc5 Bxf3 26. Nxd7+ Rxd7 27. Rxf3 Rhd8 28. fxe5 fxe5 29. d4 exd4 30. cxd4 Nc6 31. Bf4+ Ka8 32. Be5 Nxd4 33. Bxd4 Rxd4 34. Rf7 R4d7 35. Raf1 Kb8 36. Kh2 Kc7 37. a5 Kb8 38. Kg3 Rd3+ 39. Kh4 R8d7 40. Rxd7 Rxd7 41. Kh5 1-0

[Event "Czech Open-E Teams 2022"]
[Site "Pardubice"]
[Date "2022.07.14"]
[Round "1.37"]
[White "Slovak, Kilian"]
[Black "Hlozek, David"]
[Result "1-0"]
[ECO "B94"]
[WhiteElo "2321"]
[BlackElo "2004"]
[Annotator "ChessBase"]
[PlyCount "93"]
[EventDate "2022.07.14"]
[EventType "team-tourn"]
[EventCountry "CZE"]
[SourceTitle "playchess.com"]
[Source "ChessBase"]
[SourceQuality "1"]
[TimeControl "5400+30"]

1. e4 c5 2. Nf3 d6 3. d4 cxd4 4. Nxd4 Nf6 5. Nc3 a6 6. Bg5 Nbd7 7. Qe2 h6 8. Bh4 g6 9. O-O-O e5 10. Nb3 Qc7 11. f3 b5 12. a3 Bb7 13. g4 Be7 14. Qd2 Rc8 15. Bf2 Nb6 16. Na5 Ba8 17. h4 d5 18. g5 d4 19. Nxb5 axb5 20. gxf6 Bxf6 21. Bxb5+ Kf8 22. Kb1 Kg7 23. Bg3 Qc5 24. Bd3 Na4 25. Qb4 Nc3+ 26. Ka1 Nxd1 27. Rxd1 Qxb4 28. axb4 Bc6 29. Kb1 Rhd8 30. Nc4 Bb5 31. Nxe5 Bxd3 32. Nxd3 Rc4 33. Rc1 Ra8 34. Be1 Rc7 35. Nc5 Be7 36. Nb3 Rb7 37. c3 dxc3 38. bxc3 Rb5 39. c4 Rh5 40. c5 Bxh4 41. Bxh4 Rxh4 42. c6 Rh2 43. Na5 Rd8 44. c7 Rd4 45. Nc4 Rd3 46. c8=Q Rb3+ 47. Ka1 1-0

[Event "Czech Open-E Teams 2022"]
[Site "Pardubice"]
[Date "2022.07.14"]
[Round "1.38"]
[White "Reljic, Michael"]
[Black "Brejnik, Gustav"]
[Result "0-1"]
[ECO "B13"]
[WhiteElo "1977"]
[BlackElo "2292"]
[Annotator "ChessBase"]
[PlyCount "72"]
[EventDate "2022.07.14"]
[EventType "team-tourn"]
[EventCountry "CZE"]
[SourceTitle "playchess.com"]
[Source "ChessBase"]
[SourceQuality "1"]
[TimeControl "5400+30"]

1. e4 c6 2. d4 d5 3. exd5 cxd5 4. Nf3 Nc6 5. Bd3 Bg4 6. c3 Qc7 7. Nbd2 e6 8. O-O Bd6 9. Qc2 Nf6 10. b4 Rc8 11. Qa4 O-O 12. h3 Bh5 13. Ba3 a6 14. b5 axb5 15. Bxb5 Ra8 16. Bxd6 Qxd6 17. Qc2 Ra3 18. Rfb1 Bg6 19. Bd3 Bxd3 20. Qxd3 Nb4 21. Rxb4 Qxb4 22. cxb4 Rxd3 23. Nb3 Rc3 24. Nc5 b6 25. Na4 Ra3 26. Nb2 Rfa8 27. Kf1 Rxa2 28. Rxa2 Rxa2 29. Nd3 Ne4 30. g3 f6 31. Ke1 Ra1+ 32. Ke2 Ra2+ 33. Ke1 Kf7 34. Kf1 Ke7 35. Ng1 Rd2 36. Nf4 Rxf2+ 0-1

[Event "Czech Open-E Teams 2022"]
[Site "Pardubice"]
[Date "2022.07.14"]
[Round "1.39"]
[White "Parizek, Vojtech"]
[Black "Strnad, Michael"]
[Result "1-0"]
[ECO "B27"]
[WhiteElo "2217"]
[BlackElo "1855"]
[Annotator "ChessBase"]
[PlyCount "59"]
[EventDate "2022.07.14"]
[EventType "team-tourn"]
[EventCountry "CZE"]
[SourceTitle "playchess.com"]
[Source "ChessBase"]
[SourceQuality "1"]
[TimeControl "5400+30"]

1. e4 c5 2. Nf3 g6 3. d4 cxd4 4. Nxd4 Bg7 5. Nc3 Nc6 6. Nde2 Nf6 7. g3 d6 8. Bg2 O-O 9. h3 Bd7 10. O-O Qc8 11. Kh2 h5 12. Be3 Ne5 13. b3 Neg4+ 14. Kg1 Nxe3 15. fxe3 Bxh3 16. Qd3 Bxg2 17. Kxg2 Qe6 18. Nd4 Qe5 19. Nf3 Qc5 20. Rac1 Rac8 21. Nd1 d5 22. e5 Ne4 23. c4 Qa3 24. Rc2 Nc5 25. Qd2 dxc4 26. Rxc4 Rfd8 27. Qc2 a5 28. Nf2 b6 29. Ne4 Rb8 30. Nxc5 1-0

[Event "Czech Open-E Teams 2022"]
[Site "Pardubice"]
[Date "2022.07.14"]
[Round "1.40"]
[White "Nechutny, Michal"]
[Black "Formanek, Martin"]
[Result "1-0"]
[ECO "B22"]
[WhiteElo "1757"]
[BlackElo "2233"]
[Annotator "ChessBase"]
[PlyCount "71"]
[EventDate "2022.07.14"]
[EventType "team-tourn"]
[EventCountry "CZE"]
[SourceTitle "playchess.com"]
[Source "ChessBase"]
[SourceQuality "1"]
[TimeControl "5400+30"]

1. e4 c5 2. c3 Nf6 3. e5 Nd5 4. d4 cxd4 5. Nf3 e6 6. cxd4 b6 7. Bc4 Ba6 8. Nbd2 Bxc4 9. Nxc4 Qc8 10. Qe2 b5 11. Ne3 Qb7 12. O-O Be7 13. Nxd5 Qxd5 14. Rd1 Nc6 15. Be3 O-O 16. Nd2 f6 17. Nb3 f5 18. f4 Rfc8 19. Nc5 Rab8 20. b3 a5 21. Rac1 Rd8 22. Bf2 g6 23. h4 h6 24. g4 Kh7 25. g5 h5 26. Na6 Rb7 27. Nc5 Rb6 28. Rc3 Kg7 29. Rcd3 Nb4 30. R3d2 Nc6 31. Rd3 Kf7 32. a3 d6 33. exd6 Bxd6 34. Re1 Re8 35. Nd7 Rb7 36. Nf6 1-0

[Event "Czech Open-E Teams 2022"]
[Site "Pardubice"]
[Date "2022.07.14"]
[Round "1.41"]
[White "Gaj, Milos"]
[Black "Petr, Martin"]
[Result "0-1"]
[ECO "D96"]
[WhiteElo "1916"]
[BlackElo "2500"]
[Annotator "ChessBase"]
[PlyCount "86"]
[EventDate "2022.07.14"]
[EventType "team-tourn"]
[EventCountry "CZE"]
[SourceTitle "playchess.com"]
[Source "ChessBase"]
[SourceQuality "1"]
[TimeControl "5400+30"]

1. d4 Nf6 2. Nf3 g6 3. c4 Bg7 4. Nc3 d5 5. Qb3 dxc4 6. Qxc4 Na6 7. e4 c5 8. dxc5 O-O 9. Bf4 Qa5 10. Nd2 Qxc5 11. Nb3 Qxc4 12. Bxc4 Bd7 13. Rd1 Rfc8 14. Bxa6 bxa6 15. Be5 Be6 16. Nd4 Nxe4 17. Bxg7 Nxc3 18. bxc3 Kxg7 19. Nxe6+ fxe6 20. Kd2 Rc5 21. Rc1 Rd8+ 22. Kc2 Rdc8 23. Kb3 Rb5+ 24. Kc2 Ra5 25. Kb2 Rc4 26. Rhd1 Rca4 27. Ra1 Kf6 28. Rd4 Rxd4 29. cxd4 e5 30. Rd1 e4 31. Kb3 Rg5 32. g3 Rb5+ 33. Kc3 Ke6 34. a4 Rf5 35. Rd2 Kd5 36. Kb4 Rf6 37. Rc2 Kxd4 38. Rd2+ Ke5 39. Rd7 Rxf2 40. Rxe7+ Kd4 41. Rd7+ Ke3 42. Rxh7 Rf6 43. Rxa7 Kf2 0-1

[Event "Czech Open-E Teams 2022"]
[Site "Pardubice"]
[Date "2022.07.14"]
[Round "1.42"]
[White "Neuman, Petr"]
[Black "Rada, Miroslav"]
[Result "1-0"]
[ECO "D35"]
[WhiteElo "2378"]
[BlackElo "1897"]
[Annotator "ChessBase"]
[PlyCount "49"]
[EventDate "2022.07.14"]
[EventType "team-tourn"]
[EventCountry "CZE"]
[SourceTitle "playchess.com"]
[Source "ChessBase"]
[SourceQuality "1"]
[TimeControl "5400+30"]

1. d4 e6 2. c4 d5 3. Nc3 Nf6 4. cxd5 exd5 5. Bg5 c6 6. e3 Bd6 7. Bd3 Nbd7 8. Nge2 Nf8 9. Qc2 Bg4 10. f3 Bh5 11. O-O-O Bg6 12. e4 Ne6 13. Bxf6 Qxf6 14. e5 Qg5+ 15. Kb1 Bc7 16. g3 Qe3 17. f4 Bxd3 18. Rxd3 Qf2 19. Rdd1 Bb6 20. Qd3 a6 21. h4 g6 22. Rdf1 Qg2 23. Rfg1 Qf2 24. Nd1 Nc5 25. Nxf2 1-0

[Event "Czech Open-E Teams 2022"]
[Site "Pardubice"]
[Date "2022.07.14"]
[Round "1.43"]
[White "Hruska, Pavel"]
[Black "Wasserbauer, Radek"]
[Result "1/2-1/2"]
[ECO "B56"]
[WhiteElo "1894"]
[BlackElo "2164"]
[Annotator "ChessBase"]
[PlyCount "44"]
[EventDate "2022.07.14"]
[EventType "team-tourn"]
[EventCountry "CZE"]
[SourceTitle "playchess.com"]
[Source "ChessBase"]
[SourceQuality "1"]
[TimeControl "5400+30"]

1. e4 c5 2. Nf3 d6 3. d4 cxd4 4. Nxd4 Nf6 5. Nc3 Nc6 6. f3 e5 7. Nde2 Be7 8. Be3 a6 9. Qd2 b5 10. O-O-O Bd7 11. g4 Qa5 12. Kb1 b4 13. Nd5 Nxd5 14. exd5 Nd8 15. Ng3 Bb5 16. h4 Bxf1 17. Rhxf1 Rc8 18. h5 Nb7 19. Ne4 Qb5 20. Qd3 Qxd3 21. Rxd3 a5 22. Rb3 Nc5 1/2-1/2

[Event "Czech Open-E Teams 2022"]
[Site "Pardubice"]
[Date "2022.07.14"]
[Round "1.44"]
[White "Urban, Tomas"]
[Black "Miskolczi, Vitezslav"]
[Result "1-0"]
[ECO "A13"]
[WhiteElo "1815"]
[BlackElo "1884"]
[Annotator "NA"]
[PlyCount "65"]
[EventDate "2022.07.14"]
[EventType "team-tourn"]
[EventCountry "CZE"]
[SourceTitle "playchess.com"]
[Source "ChessBase"]
[SourceQuality "1"]
[TimeControl "5400+30"]

1. c4 e6 2. g3 d5 3. cxd5 exd5 4. Bg2 Nf6 5. Nf3 Bg4 6. O-O Qd7 7. Ne5 Qd8 8. Nxg4 Nxg4 9. e4 Nf6 10. exd5 Nxd5 11. Qb3 c6 12. Qxb7 Nd7 13. Qxc6 N5b6 14. Re1+ Be7 15. Qc3 O-O 16. Bxa8 Nxa8 17. Qe3 Bc5 18. d4 Bb6 19. Bd2 Nf6 20. Bc3 Nc7 21. Na3 Re8 22. Qd2 Ne6 23. Rad1 Qd5 24. Re5 Nxd4 25. Rxe8+ Nxe8 26. Bxd4 Qxa2 27. Bxb6 axb6 28. Qd8 Qe6 29. Nc4 h5 30. Nd6 Kf8 31. Nxe8 Qxe8 32. Qxb6 Qe2 33. Rd8+ 1-0

[Event "Czech Open-E Teams 2022"]
[Site "Pardubice"]
[Date "2022.07.15"]
[Round "2.1"]
[White "Vykouk, Jan"]
[Black "Sott, Pavel"]
[Result "1-0"]
[ECO "B24"]
[WhiteElo "2476"]
[BlackElo "2174"]
[Annotator "ChessBase"]
[PlyCount "71"]
[EventDate "2022.07.14"]
[EventType "team-tourn"]
[EventCountry "CZE"]
[SourceTitle "playchess.com"]
[Source "ChessBase"]
[SourceQuality "1"]
[TimeControl "5400+30"]

1. e4 c5 2. Nc3 Nc6 3. Bb5 g6 4. Bxc6 dxc6 5. f4 Bg7 6. Nf3 Bg4 7. O-O Nf6 8. d3 O-O 9. Qe1 Bxf3 10. Rxf3 c4 11. e5 Ne8 12. Be3 cxd3 13. Rd1 Qa5 14. Rxd3 Nc7 15. Qh4 Rfd8 16. Qxe7 Rxd3 17. cxd3 Nd5 18. Qxb7 Rd8 19. Qxa7 Qb4 20. Qd4 Qa5 21. Qc5 Qa6 22. Nxd5 Rxd5 23. Qc4 Qa5 24. Rf1 Bf8 25. d4 Rb5 26. e6 Rxb2 27. exf7+ Kg7 28. d5 Rb4 29. Qc3+ Kxf7 30. dxc6 Bd6 31. Qh8 Re4 32. Qxh7+ Kf6 33. f5 gxf5 34. Qh6+ Kf7 35. Qxd6 Rxe3 36. c7 1-0

[Event "Czech Open-E Teams 2022"]
[Site "Pardubice"]
[Date "2022.07.15"]
[Round "2.2"]
[White "Bujak, Michal"]
[Black "Simacek, Pavel"]
[Result "0-1"]
[ECO "C67"]
[WhiteElo "2149"]
[BlackElo "2458"]
[Annotator "ChessBase"]
[PlyCount "60"]
[EventDate "2022.07.14"]
[EventType "team-tourn"]
[EventCountry "CZE"]
[SourceTitle "playchess.com"]
[Source "ChessBase"]
[SourceQuality "1"]
[TimeControl "5400+30"]

1. e4 e5 2. Nf3 Nc6 3. Bb5 Nf6 4. d4 Nxe4 5. O-O Nd6 6. dxe5 Nxb5 7. a4 d6 8. Re1 Nxe5 9. axb5 Be6 10. Nd4 Be7 11. f4 Bg4 12. Qd2 Nc4 13. Qd3 d5 14. h3 Bd7 15. Nc3 c6 16. b3 Nd6 17. Qe2 f5 18. Qe5 Ne4 19. Ba3 Kf7 20. Nxd5 Bf6 21. Nxf6 gxf6 22. Qe7+ Qxe7 23. Bxe7 Kxe7 24. bxc6 bxc6 25. g4 Kf7 26. Ra6 c5 27. gxf5 Rhg8+ 28. Kh2 Nd2 29. Rd1 cxd4 30. Rxd2 Rgc8 0-1